 Dungeon Crawl Stone Soup version 0.31-a0-841-g038b102fc3 (webtiles) character file.

Game seed: 10779448453885629235

32 LeprechaunX the Changeling (level 3, -4/23 HPs)
             Began as an Octopode Shapeshifter on Sept 27, 2023.
             Killed from afar by an orc wizard (5 damage)
             ... with a magic dart
             ... on level 3 of the Dungeon.
             The game lasted 00:00:55 (1022 turns).

LeprechaunX the Changeling (Octopode Shapeshifter)  Turns: 1022, Time: 00:00:56

Health: -4/23      AC:  1    Str: 15    XL:     3   Next: 25%
Magic:  3/3        EV: 13    Int: 12    God:
Gold:   76         SH:  0    Dex: 11    Spells: 2/2 levels left

rFire   . .          .
                       - Unarmed
rCold   . . .        (no shield)
rNeg    . . .        (helmet currently unavailable)
rPois   .            (no amulet)
rElec   .            (no ring)
rCorr   .            (no ring)
SInv    .            (no ring)
Will    .....        (no ring)
Stlth   ++           (no ring)
HPRegen 0.23/turn    (no ring)
MPRegen 0.08/turn    (no ring)
                     (no ring)

%: no passive effects
@: beast-form
A: beast (slay +1), almost no armour, amphibious, 8 rings, camouflage 1,
gelatinous body 1, (nimble swimmer 1), tentacles
a: Begin Untransformation


You were on level 3 of the Dungeon.
You were a hulking beast.
You visited 1 branch of the dungeon, and saw 3 of its levels.

You collected 76 gold pieces.

Inventory:

Jewellery
 g - an amulet of regeneration
Talismans
 b - a beast talisman (active)
 c - a flux talisman
 h - a blade talisman
Scrolls
 d - 2 scrolls of fear {unknown}
Potions
 a - a potion of lignification
 e - a potion of heal wounds {unknown}
 f - a potion of curing {unknown}
 i - a potion of haste {unknown}


   Skills:
 + Level 1.5 Fighting
 + Level 2.3 Dodging
 + Level 3.2 Unarmed Combat
 * Level 3.4 Shapeshifting


You had 2 spell levels left.
You didn't know any spells.
Your spell library was empty.

Dungeon Overview and Level Annotations

Branches:
Dungeon (2/15)

Altars:

Annotations:
D:3 Robin


Innate Abilities, Weirdness & Mutations

You are a hulking beast.
Your limbs bulge with bestial killing power. (Slay +1)
You cannot wear most types of armour.
You are amphibious.
You can wear up to eight rings at the same time.
Your skin changes colour to match your surroundings (Stealth+).
Your rubbery body absorbs attacks. (AC +1, EV +1)
((You are camouflaged when in or above water. (Stealth+)))
You have tentacles for arms and can constrict up to eight enemies at once.


Message History

A goblin comes into view. It is wielding a +0 club.
Robin shouts!
You hear a shout! x4
An orc comes into view. It is wielding a +0 club.
An orc wizard comes into view. It is wielding a +0 dagger.
A goblin comes into view. It is wielding a +0 dagger.
The goblin shouts!
You hear a shout! x3
The orc wizard casts a spell.
The orc wizard flickers and vanishes!
Deactivating autopickup; reactivate with Ctrl-A.
A rat comes into view.
You hear a shout!
Robin throws the goblin at you! The goblin attacks as it pursues you!
The goblin closely misses you. The goblin attacks as it pursues you!
The goblin hits you with a +0 club.
There is an open door here.
Things that are here:
a +0 club; a +0 club; a goblin corpse You closely miss the goblin.
You grab the goblin. You squeeze the goblin.
You kill the goblin!
You swing at nothing.
You tentacle-slap the goblin. Your grab misses the goblin.
The goblin is moderately wounded.
The goblin closely misses you.
You tentacle-slap the goblin.
You kill the goblin!
You closely miss something.
You tentacle-slap something but do no damage.
Your squeeze misses something. Something hits you.
You tentacle-slap something. Something hits you. Robin barely misses you.
You miss something.
Robin hits you from afar with a +0 spear.
You swing at nothing.
Something completely misses you.
Robin hits you from afar with a +0 spear!
* * * LOW HITPOINT WARNING * * *
The orc attacks as it pursues you! The orc hits you with a +0 club.
* * * LOW HITPOINT WARNING * * *
You hear some strange, mumbled words.
A magic dart appears from out of thin air!
The magic dart hits you.
You die...

#####
#...#
#...#
#...#
#..o###
+.h{)g#
#...#.#
#...#.#
#...#g#
#####...#
###.# ...


.gg o.... You could see Robin and an orc.

Vanquished Creatures
  A dart slug (D:1)
  4 ball pythons (D:1)
  A bat (D:1)
  3 endoplasms
  6 goblins
  A hobgoblin (D:1)
  4 jackals (D:1)
  A quokka (D:1)
  2 frilled lizards (D:1)
  A rat (D:1)
24 creatures vanquished.

Notes
Turn   | Place    | Note
-------+----------+-------------------------------------------
     0 | D:1      | LeprechaunX the Octopode Shapeshifter began the quest for
                  | the Orb.
     0 | D:1      | Reached XP level 1. HP: 13/13 MP: 1/1
   262 | D:1      | Reached XP level 2. HP: 18/18 MP: 2/2
   904 | D:2      | Reached XP level 3. HP: 23/23 MP: 3/3
   948 | D:2      | You fall into a shaft and drop 1 floor!
   952 | D:3      | Noticed Robin
  1022 | D:3      | HP: 1/23 [orc/+0 club (3)]
  1022 | D:3      | Killed from afar by an orc wizard

Illustrated notes

Levels and vault maps discovered:
D:1:      dpeg_arrival_water_fire, layout_basic
D:2:      layout_loops_ring, grunt_decor_fettered
D:3:      layout_basic, nicolae_figureground_sparkle, uniq_crazy_yiuf_cottage,
          uniq_robin

Action                     || total
---------------------------++-------
  Melee: Unarmed           ||    52
         Constrict         ||    11
         Tentacles         ||     8
   Stab: Sleeping          ||     4
 Armour: Skin              ||    21
  Dodge: Dodged            ||    32

Table legend: (Time is in decaauts)
 A = Elapsed time spent in this place.
 B = Non-inter-level travel time spent in this place.
 C = Inter-level travel time spent in this place.
 D = Time resting spent in this place.
 E = Time spent auto-exploring this place.
 F = Levels seen in this place.
 G = Mean time per level.
                   A        B        C        D        E       F      G
               +--------+--------+--------+--------+--------+-----+--------+
         Total |   1018 |    953 |     65 |     35 |    769 |   3 |  339.3 |
       Dungeon |   1018 |    953 |     65 |     35 |    769 |   3 |  339.3 |
               +--------+--------+--------+--------+--------+-----+--------+

Top non-repeatable levels by time:
     D:1: 829 daAuts
     D:2: 116 daAuts
     D:3: 72 daAuts
